[Event "Early-Titled-Tuesday-Blitz-January-30-2024"]
[Site "Chess.com"]
[Date "2024.01.30"]
[Round "6"]
[White "sergeikim"]
[Black "Imagine_Drag0n"]
[Result "0-1"]
[WhiteElo "2591"]
[BlackElo "2769"]
[TimeControl "180+1"]
[EndTime "9:08:42 PST"]
[Termination "Imagine_Drag0n won by resignation"]

1. d4 Nf6 2. c4 e6 3. Nc3 Bb4 4. Qc2 O-O 5. a3 Bxc3+ 6. Qxc3 d6 7.
Nf3 h6 8. g3 Nbd7 9. Bg2 Qe7 10.
O-O e5 11. d5 a5 12. b3 Nc5 13.
Nd2 Bd7 14. e4 Nh7 15. b4 Na4 16. Qc2 g6 17. Nb3 axb4 18. Bxh6 Rfb8 19. axb4 g5 20. h4 gxh4 21. Na5 h3 22. Bh1 Qf6 23. Be3 h2+ 24.
Kxh2 Ng5 25. Bxg5 Qxg5 26. Bg2 Kg7 27. Rh1 Rh8+ 28. Kg1 Rxh1+ 29. Bxh1 Rh8 30. Bg2 Qh6 31. Kf1 Bh3 32. Qxa4 Bxg2+ 33. Kxg2 Qh3+ 34. Kf3 Rh6 35. Qc2 Rf6+ 36. Ke3 Qh6+ 37. Ke2 Rxf2+ 38. Kxf2 Qh2+ 39. Kf3 Qxc2 40. Re1 Qc3+ 41. Re3 Qxb4 42. Nb3 Qxc4 43. g4 Qf1+ 44. Kg3 Qf4+ 0-1

[Event "Early-Titled-Tuesday-Blitz-January-30-2024"]
[Site "Chess.com"]
[Date "2024.01.30"]
[Round "6"]
[White "olawsson"]
[Black "secrethawk1"]
[Result "0-1"]
[WhiteElo "2183"]
[BlackElo "2465"]
[TimeControl "180+1"]
[EndTime "9:08:42 PST"]
[Termination "secrethawk1 won by resignation"]

1. d4 Nf6 2. c4 e6 3. Nf3 b6 4. a3 Bb7 5. Nc3 Be7 6. d5 O-O 7. e4 exd5 8. exd5 Re8 9. Be2 c6 10. O-O Na6 11. b4 Rc8 12. d6 Bf8 13. Bf4 h6 14.
Qd2 Nb8 15. h3 a6 16. a4 c5 17. b5 a5 18. Rfe1 Re6 19. Rad1 Ne8 20. Bf1 Bxf3 21.
gxf3 Rg6+ 22. Kh2 Nxd6 23. Bd3 Rf6 24. Nd5 Re6 25. Rg1 Kh8 26. Rg2 g5 27. Bg3 Bg7 28.
Bf5 Nxf5 29. Ne3 Nxe3 30. fxe3 d6 31. Qd5 Qf6 32. Qb7 Rce8 33. e4 Qxf3 34. Rxd6 Rxd6 35. Bxd6 Qxe4 36. Bxb8 Qxb7 0-1

[Event "Early-Titled-Tuesday-Blitz-January-30-2024"]
[Site "Chess.com"]
[Date "2024.01.30"]
[Round "6"]
[White "Brahianzevich"]
[Black "only_strong_moves"]
[Result "0-1"]
[WhiteElo "2364"]
[BlackElo "2528"]
[TimeControl "180+1"]
[EndTime "9:08:44 PST"]
[Termination "only_strong_moves won by resignation"]

1. e4 e6 2. d4 d5 3. Nc3 Bb4 4. e5 c5 5. a3 Bxc3+ 6. bxc3 Ne7 7. h4 Qc7 8. h5 h6 9. Nf3 Bd7 10. Rb1 c4 11. g4 Ba4 12. g5 hxg5 13. Nxg5 Nbc6 14.
Rb2 Nf5 15. Bh3 Nh6 16. Bxe6 fxe6 17. Nxe6 Qf7 18. Nc5 O-O 19. Rh2 b5 20. Bxh6 gxh6 21. Qd2 Kh7 22. Rb1 Rg8 23. Ke2 Raf8 24. Rbh1 Qf3+ 25.
Ke1 Rg5 26. Rh3 Qf5 27. R3h2 Bxc2 28. Rf1 Bd3 29. Rfh1 Rfg8 30. Qe3 Bb1 31. Qd2 Qf3 32. Kf1 Bf5 33. Qe3 Qd1+ 34. Qe1 Rg1+ 35. Rxg1 Rxg1+ 36. Kxg1 Qxe1+ 37. Kg2 Be4+ 38. f3 Qe2+ 39. Kg3 Qxf3+ 40.
Kh4 Qf4+ 41. Kh3 Qg5 42. Rf2 Bf5+ 43. Kh2 Qh4+ 44. Kg2 Bh3+ 45. Kg1 Qg3+ 46. Kh1 Qxf2 0-1

[Event "Early-Titled-Tuesday-Blitz-January-30-2024"]
[Site "Chess.com"]
[Date "2024.01.30"]
[Round "6"]
[White "Alenzer"]
[Black "KorolDimitriy75"]
[Result "0-1"]
[WhiteElo "2142"]
[BlackElo "2351"]
[TimeControl "180+1"]
[EndTime "9:08:44 PST"]
[Termination "KorolDimitriy75 won on time"]

1. e4 c5 2. Nf3 d6 3. d4 cxd4 4.
Nxd4 Nf6 5. Nc3 g6 6. Be3 Bg7 7. f3 O-O 8. Bc4 Nc6 9. O-O Bd7 10. a4 Rc8 11. Bb3 a6 12. Nd5 Na5 13. c3 Nc4 14. Bxc4 Rxc4 15. a5 Nxd5 16. exd5 Qc7 17. Qd2 Qc5 18.
Nf5 Qb5 19. Nxg7 Kxg7 20. Bh6+ Kg8 21. Bxf8 Kxf8 22. Rfe1 Qc5+ 23. Qe3 Qxe3+ 24. Rxe3 Rc5 25. Rd3 Bb5 26. Rd2 Bc4 27. Kf2 Bxd5 28. Ra4 Bc6 29. Ra1 h5 30. Rd3 d5 31. b4 Rc4 32. Rc1 e5 33. Rd2 Ke7 34. Rdc2 Ke6 35. Ke3 Ba4 36.
Ra2 Bb5 37. Rac2 f5 38. g3 h4 39. gxh4 Rxh4 0-1

[Event "Early-Titled-Tuesday-Blitz-January-30-2024"]
[Site "Chess.com"]
[Date "2024.01.30"]
[Round "6"]
[White "BeardedNM"]
[Black "simonachess"]
[Result "1/2-1/2"]
[WhiteElo "2199"]
[BlackElo "2353"]
[TimeControl "180+1"]
[EndTime "9:08:45 PST"]
[Termination "Game drawn by repetition"]

1. e4 d5 2. exd5 Nf6 3. Bb5+ Bd7 4. Be2 Bf5 5. d4 Qxd5 6. Nf3 e6 7. O-O Nc6 8. Be3 O-O-O 9. c3 Bg4 10. Nbd2 h5 11. Qb3 Qxb3 12. axb3 Nd5 13. Rfe1 Nxe3 14. fxe3 e5 15. Nc4 exd4 16. exd4 f6 17. Nh4 Bd6 18. d5 Ne5 19. Nxe5 fxe5 20. Ng6 Rhe8 21. Bxg4+ hxg4 22.
b4 a6 23. Nh4 Rf8 24. Rf1 Kd7 25. Nf5 Rf7 26. Nxd6 Rxf1+ 27. Rxf1 Kxd6 28. Rf7 b6 29. Rxg7 Rc8 30. Rxg4 Kxd5 31. h4 a5 32. bxa5 bxa5 33. h5 Rb8 34. b4 axb4 35. Rxb4 Rh8 36. Rh4 Ke6 37. g4 Kf6 38. h6 Kg5 39. Rh5+ Kxg4 40. Rh2 Rh7 41. Kf2 Kf4 42. Ke2 e4 43. Rh4+ Ke5 44.
Ke3 Kf5 45. Rh5+ Kg6 46. Rh4 Kf5 47. Rh5+ Kg6 48. Rh4 Kf5 1/2-1/2

[Event "Early-Titled-Tuesday-Blitz-January-30-2024"]
[Site "Chess.com"]
[Date "2024.01.30"]
[Round "6"]
[White "vladislavkovalev"]
[Black "nihalsarin"]
[Result "0-1"]
[WhiteElo "2860"]
[BlackElo "3169"]
[TimeControl "180+1"]
[EndTime "9:08:46 PST"]
[Termination "nihalsarin won by resignation"]

1. e4 c5 2. Nf3 e6 3. c3 d5 4. exd5 Qxd5 5. d4 Nf6 6. Na3 Nc6 7. Nb5 Qd8 8. dxc5 Bxc5 9. Qxd8+ Kxd8 10. b4 Bb6 11.
Nd6 Ke7 12. Nc4 Ne4 13. b5 Bxf2+ 14. Ke2 Nd8 15. Ng5 Nxg5 16. Bxg5+ f6 17. Kxf2 fxg5 18.
Be2 Bd7 19. a4 Rc8 20. Rhd1 Rf8+ 21. Ke3 Rf5 22. Rd4 Nf7 23. Rad1 Rc7 24. Re4 b6 25. Bg4 Rf4 26. Rdd4 Rxe4+ 27. Rxe4 g6 28. Kd3 h5 29. Be2 e5 30. g4 hxg4 31. Bxg4 Bf5 32. Nd2 Rd7+ 33.
Ke3 Rxd2 34. Bxf5 gxf5 35. Rc4 0-1

[Event "Early-Titled-Tuesday-Blitz-January-30-2024"]
[Site "Chess.com"]
[Date "2024.01.30"]
[Round "6"]
[White "MKlose11"]
[Black "stollenmonster"]
[Result "1-0"]
[WhiteElo "2672"]
[BlackElo "2903"]
[TimeControl "180+1"]
[EndTime "9:08:46 PST"]
[Termination "MKlose11 won by resignation"]

1. e4 c5 2. Nc3 Nc6 3. g3 g6 4. d3 Bg7 5. Bg2 e6 6. Be3 d6 7.
Qd2 h6 8. Nge2 Nd4 9. O-O Ne7 10. Nd1 e5 11. c3 Nxe2+ 12. Qxe2 O-O 13. Qd2 Kh7 14. d4 cxd4 15. cxd4 Nc6 16. d5 Nd4 17. Nc3 f5 18. Bxd4 exd4 19. Ne2 Qb6 20. Rad1 fxe4 21. Bxe4 Bh3 22. Nf4 Bf5 23. Bxf5 Rxf5 24. Qd3 Rxf4 25.
gxf4 Rf8 26. Rfe1 Rxf4 27. Re6 Rf5 28. Kh1 Qc5 29. Qe4 d3 30. Rxg6 Qxf2 31. Rg2 Qf3 32. Qxf3 Rxf3 33. Rgd2 Be5 34. Kg2 Rf4 35. Rxd3 Rg4+ 36.
Kh3 Ra4 37. Rb3 b6 38. a3 Kg6 39. Rb4 Ra5 40. Rg4+ Kf5 41. Rf1+ Bf4 42. Rfxf4+ Ke5 43. Rd4 Rc5 44. Rd2 Rc1 45. Kg2 h5 46. Rh4 1-0

[Event "Early-Titled-Tuesday-Blitz-January-30-2024"]
[Site "Chess.com"]
[Date "2024.01.30"]
[Round "6"]
[White "GothamChess"]
[Black "cristianserban1"]
[Result "1-0"]
[WhiteElo "2754"]
[BlackElo "2578"]
[TimeControl "180+1"]
[EndTime "9:08:46 PST"]
[Termination "GothamChess won on time"]

1. e4 c5 2. a3 e6 3. b4 cxb4 4.
axb4 Bxb4 5. c3 Be7 6. d4 Nf6 7.
e5 Nd5 8. Qg4 g6 9. h4 h5 10.
Qg3 d6 11. Nf3 Nc6 12. Bb5 Qc7 13. Ba3 dxe5 14. Nxe5 Bd7 15. Bxe7 Ndxe7 16. Nxd7 Qxd7 17. O-O O-O 18. Nd2 a6 19. Ne4 Kg7 20. Bd3 Nf5 21.
Qf4 Rac8 22. Nc5 Qc7 23. Qe4 a5 24. Rab1 b6 25. Na4 Rb8 26. g3 Nce7 27. Qf3 Rfd8 28. Rfc1 Nd6 29. c4 Ndf5 30. Bxf5 Nxf5 31. d5 exd5 32.
cxd5 Qd6 33. Rd1 b5 34. Nc3 b4 35. Ne4 Qe5 36. Qd3 a4 37. f4 Qe7 38. Re1 Qa7+ 39. Kg2 b3 40. Rbd1 Qa5 41. d6 a3 42. Qc4 b2 43. Ng5 Rd7 44. Re7 1-0

[Event "Early-Titled-Tuesday-Blitz-January-30-2024"]
[Site "Chess.com"]
[Date "2024.01.30"]
[Round "6"]
[White "IMRosen"]
[Black "viktorgen2021"]
[Result "0-1"]
[WhiteElo "2715"]
[BlackElo "2582"]
[TimeControl "180+1"]
[EndTime "9:08:47 PST"]
[Termination "viktorgen2021 won by checkmate"]

1. d4 Nf6 2. Bf4 g6 3. Nc3 d6 4.
e4 Bg7 5. Qd2 c6 6. O-O-O b5 7. f3 O-O 8. Kb1 b4 9. Nce2 Nbd7 10.
Bh6 c5 11. Bxg7 Kxg7 12. e5 Ne8 13. exd6 Nxd6 14. dxc5 Nf5 15. c6 Qb6 16. cxd7 Rd8 17. Nd4 Bxd7 18. g4 Nd6 19. h4 e5 20. Nb3 Be6 21.
Bd3 a5 22. h5 Nc4 23. Qe2 a4 24. h6+ Kg8 25. Bxc4 Rxd1+ 26. Qxd1 Bxc4 27. Nd2 Rd8 28. Qe1 Qd4 29. Rh2 a3 30. c3 Bd3+ 31. Kc1 axb2+ 32. Kd1 bxc3 33. Ne2 c2# 0-1

[Event "Early-Titled-Tuesday-Blitz-January-30-2024"]
[Site "Chess.com"]
[Date "2024.01.30"]
[Round "6"]
[White "Sjakkerntobi"]
[Black "tuschessCM1"]
[Result "0-1"]
[WhiteElo "2511"]
[BlackElo "2681"]
[TimeControl "180+1"]
[EndTime "9:08:47 PST"]
[Termination "tuschessCM1 won by resignation"]

1. e4 c6 2. Nc3 d5 3. Nf3 dxe4 4. Nxe4 Nf6 5. Qe2 Nxe4 6. Qxe4 Qd5 7. Qf4 Qf5 8. Qg3 Qxc2 9. Be2 Qg6 10. Qc7 Nd7 11.
O-O Nb6 12. d4 Nd5 13. Qe5 f6 14. Qg3 Qxg3 15. hxg3 g5 16. Bd2 Bf5 17. Rac1 Kd7 18. Ne1 e6 19. Nd3 Bxd3 20. Bxd3 h5 21. f4 gxf4 22.
Bxf4 Bh6 23. Bxh6 Rxh6 24. Rce1 Rg8 25. Kf2 h4 26. gxh4 Rxh4 27. Be4 Ne7 28. Rh1 Rf4+ 29. Bf3 Rxd4 30. Ke3 Rb4 31. b3 Nf5+ 32. Kf2 Rd4 33. Re2 Rg7 34. Rh8 e5 35. Rb8 Nd6 36. Rf8 Ke7 37. Ra8 a6 38. Re1 Ke6 39. Rh1 Rd2+ 40. Ke3 Rxa2 41. Kd3 e4+ 42. Bxe4 Nxe4 43. Ke3 Raxg2 44.
Kxe4 R2g3 45. Re8+ Kd6 46. Rf8 Rxb3 47. Rxf6+ Kc7 48. Kd4 Kb6 49. Kc4 Rb5 50. Rhf1 Rg4+ 51. Kc3 a5 52. Rf7 a4 53. Re7 Rb3+ 54. Kc2 Rg2+ 55.
Kc1 a3 56. Rff7 Ka6 57. Rf4 b5 0-1

[Event "Early-Titled-Tuesday-Blitz-January-30-2024"]
[Site "Chess.com"]
[Date "2024.01.30"]
[Round "6"]
[White "lilylg"]
[Black "UnTucopalaTimba"]
[Result "1-0"]
[WhiteElo "2139"]
[BlackElo "1910"]
[TimeControl "180+1"]
[EndTime "9:08:47 PST"]
[Termination "lilylg won on time"]

1. d4 Nf6 2. c4 e6 3. Nf3 d5 4. g3 Be7 5. Bg2 O-O 6. O-O dxc4 7. Nc3 Nc6 8. e4 a6 9. Bf4 Bb4 10. Qe2 Bxc3 11. bxc3 b5 12. Bg5 h6 13. Bxf6 Qxf6 14.
e5 Qd8 15. Nd2 Bb7 16. Ne4 Ne7 17. Nf6+ gxf6 18. Bxb7 Rb8 19. Be4 f5 20. Bg2 Kh7 21.
Qh5 f6 22. Rfe1 Qe8 23. Qh4 Ng6 24. Qh5 fxe5 25. dxe5 Rd8 26. f4 Rd2 27. Rad1 Rxa2 28. Rd4 Qe7 29. Red1 Qg7 30. Bc6 Rf7 31. Be8 Re7 32. Rd7 Nxf4 33. Qh4 Ne2+ 34. Kf1 1-0

[Event "Early-Titled-Tuesday-Blitz-January-30-2024"]
[Site "Chess.com"]
[Date "2024.01.30"]
[Round "6"]
[White "DenLaz"]
[Black "Agibileg"]
[Result "0-1"]
[WhiteElo "3046"]
[BlackElo "2775"]
[TimeControl "180+1"]
[EndTime "9:08:48 PST"]
[Termination "Agibileg won by checkmate"]

1. d4 Nf6 2. c4 e6 3. Nf3 c5 4. d5 d6 5. Nc3 exd5 6. cxd5 g6 7.
h3 Bg7 8. e4 O-O 9. Bd3 b5 10.
Bxb5 Nxe4 11. Nxe4 Qa5+ 12. Bd2 Qxb5 13. Nxd6 Qa6 14.
Nxc8 Re8+ 15. Be3 Bxb2 16. Rb1 Bc3+ 17. Nd2 Nd7 18. Qe2 Bxd2+ 19. Qxd2 Ne5 20. Qe2 Nd3+ 21. Kf1 Raxc8 22. g3 c4 23. Kg2 c3 24. Qc2 Qc4 25. d6 Qd5+ 26. Kh2 Qxd6 27. Rhd1 Red8 28. Bxa7 Qd5 29.
Be3 Qc4 30. Rb3 h5 31. Kg1 h4 32. g4 Ne5 33. Rxd8+ Rxd8 34. Qxc3 Rd1+ 35. Kh2 Rh1+ 36.
Kxh1 Qf1+ 37. Kh2 Nf3# 0-1

[Event "Early-Titled-Tuesday-Blitz-January-30-2024"]
[Site "Chess.com"]
[Date "2024.01.30"]
[Round "6"]
[White "Kunalm64"]
[Black "kai_nov"]
[Result "1-0"]
[WhiteElo "2545"]
[BlackElo "2267"]
[TimeControl "180+1"]
[EndTime "9:08:48 PST"]
[Termination "Kunalm64 won by resignation"]

1. e4 c5 2. Nf3 Nc6 3. Nc3 e6 4.
d4 cxd4 5. Nxd4 d5 6. exd5 exd5 7.
Be2 Nf6 8. O-O Be7 9. Re1 O-O 10. Bf3 Nxd4 11. Qxd4 Be6 12. Bg5 h6 13. Bh4 Rc8 14. Qd3 d4 15. Ne2 Bc5 16. Nf4 Re8 17. Nxe6 Rxe6 18.
Rxe6 fxe6 19. Re1 Qe7 20. Bd5 Re8 21. Rxe6 Qxe6 22. Bxe6+ Rxe6 23. h3 Re1+ 24. Kh2 Bd6+ 25. Bg3 Bxg3+ 26. Qxg3 Ne4 27. Qb8+ Kh7 28. Qxa7 Nxf2 29.
Qxd4 Ne4 30. h4 h5 31. Qd5 Nf6 32. Qxb7 Ng4+ 33. Kg3 Re3+ 34. Kf4 Re2 35. Qd5 Rf2+ 36. Kg3 Rxc2 37. Qd3+ 1-0

[Event "Early-Titled-Tuesday-Blitz-January-30-2024"]
[Site "Chess.com"]
[Date "2024.01.30"]
[Round "6"]
[White "chucksterf10"]
[Black "artooon"]
[Result "0-1"]
[WhiteElo "2624"]
[BlackElo "3006"]
[TimeControl "180+1"]
[EndTime "9:08:49 PST"]
[Termination "artooon won by resignation"]

1. d4 Nf6 2. c4 e6 3. g3 d5 4. Nf3 Be7 5. Bg2 O-O 6. O-O dxc4 7. Ne5 Nc6 8. Bxc6 bxc6 9. Nxc6 Qe8 10. Nxe7+ Qxe7 11.
Qa4 e5 12. dxe5 Qxe5 13. Qxc4 Bh3 14. Re1 Rfe8 15. Nc3 Ng4 16. Qd5 Qf6 17. Bf4 h6 18. Qf3 Qf5 19. e4 Qa5 20. Nd5 Rac8 21. b4 Qa4 22.
Nxc7 Red8 23. Nd5 Rc2 24. Re2 Kh8 25. Bc7 Qxa2 26. Rae1 Rc8 27. Qd3 Rxe2 28. Qxe2 Qxe2 29. Rxe2 Nf6 30. Rc2 Nxe4 31. Nf4 Bf5 32. Rc1 Ng5 33.
h4 Nf3+ 34. Kg2 Be4 35. Kf1 Nd4 36. Rc4 Bf5 37. Nd5 Bd3+ 38. Kg2 Bxc4 0-1

[Event "Early-Titled-Tuesday-Blitz-January-30-2024"]
[Site "Chess.com"]
[Date "2024.01.30"]
[Round "6"]
[White "mbchess97"]
[Black "betta2004"]
[Result "1-0"]
[WhiteElo "2387"]
[BlackElo "2513"]
[TimeControl "180+1"]
[EndTime "9:08:49 PST"]
[Termination "mbchess97 won by resignation"]

1. c4 g6 2. g3 Bg7 3. Bg2 d6 4. Nc3 c5 5. Nf3 Nc6 6. d4 cxd4 7. Nb5 Qb6 8. e3 dxe3 9. Bxe3 Qa5+ 10. Bd2 Qd8 11. O-O a6 12. Nc3 Nf6 13. Re1 O-O 14.
Qe2 h6 15. Rad1 Be6 16. b3 Qc7 17. Bf4 Nd7 18. Nd5 Bxd5 19. cxd5 Nce5 20. Nd4 Rac8 21. Qd2 Kh7 22. h4 Qc3 23. Qe2 Qa5 24. h5 g5 25. Be4+ Kg8 26. Bd2 Qc5 27. Nf5 Nf6 28. Be3 Qb5 29. Nxe7+ Kh8 30. Bd3 Nxd3 31. Rxd3 Rce8 32.
Nf5 Ne4 33. Nxg7 Kxg7 34. Bd4+ f6 35. Re3 Qxe2 36. R1xe2 Nxg3 37. Rxe8 Nxe2+ 38. Rxe2 Kf7 39. Kg2 f5 40. f3 Rc8 41. Kf2 Rc1 42. Re6 Rc2+ 43.
Kf1 Rxa2 44. Rxh6 Ra3 45. Rxd6 Rxb3 46. h6 Rxf3+ 47. Kg2 g4 48. h7 Rh3 49. h8=Q Rxh8 50.
Bxh8 Ke7 51. Re6+ Kd7 52. Be5 a5 53. Kg3 a4 54. Rb6 a3 55. Ba1 Kc8 56. Kf4 Kc7 57. Rb3 Kd6 58. Rxa3 Kxd5 59. Rb3 Ke6 60. Rxb7 g3 61.
Kxg3 1-0

[Event "Early-Titled-Tuesday-Blitz-January-30-2024"]
[Site "Chess.com"]
[Date "2024.01.30"]
[Round "6"]
[White "BogdanDeac"]
[Black "ViIIagra"]
[Result "0-1"]
[WhiteElo "3082"]
[BlackElo "2970"]
[TimeControl "180+1"]
[EndTime "9:08:50 PST"]
[Termination "ViIIagra won on time"]

1. d4 Nf6 2. Nf3 g6 3. Nbd2 d5 4. Nb3 Bg7 5. Bf4 O-O 6. e3 a5 7. a4 b6 8. Be2 Ne4 9. O-O Bf5 10. Rc1 Nd6 11. Bd3 e6 12. Qe2 Nc6 13. Bxd6 Qxd6 14. Bxf5 exf5 15. g3 Qb4 16. Ra1 Rfe8 17. Qd3 Qd6 18.
Rfc1 Bf6 19. Nbd2 Kg7 20. Kg2 h5 21. h4 Re7 22. Qb5 Na7 23. Qb3 Nc6 24. Qb5 Rd8 25.
c3 Qe6 26. Nf1 Na7 27. Qd3 Nc8 28. c4 Nd6 29. c5 Ne4 30. cxb6 Qxb6 31. Qb5 Qe6 32.
Qxa5 f4 33. exf4 Nxf2 34. Re1 Ne4 35. Rac1 Rb8 36. Rc2 Rb3 37. Ree2 c5 38. dxc5 d4 39. c6 Qg4 40. N3h2 Rxg3+ 41. Nxg3 Qxg3+ 42. Kh1 d3 43. Rxe4 dxc2 0-1

[Event "Early-Titled-Tuesday-Blitz-January-30-2024"]
[Site "Chess.com"]
[Date "2024.01.30"]
[Round "6"]
[White "BilodeauA"]
[Black "maciek_92"]
[Result "1-0"]
[WhiteElo "3030"]
[BlackElo "2806"]
[TimeControl "180+1"]
[EndTime "9:08:51 PST"]
[Termination "BilodeauA won on time"]

1. e4 c5 2. Nf3 d6 3. d4 cxd4 4. Nxd4 Nf6 5. Nc3 a6 6. Nb3 e6 7. g4 h6 8. h4 b5 9. a3 Bb7 10. Bg2 Qc7 11. Qe2 Nbd7 12. Be3 h5 13. g5 Ng4 14.
O-O-O Be7 15. f4 Nxe3 16. Qxe3 Rc8 17. Kb1 Nb6 18. Rh3 Nc4 19. Qe2 Qb6 20. f5 b4 21.
axb4 Qxb4 22. Na2 Qb5 23. Bf1 Qe5 24. Rd4 Na5 25. Nxa5 Qxa5 26. Rb3 Bc6 27. Nc3 Qe5 28. Rd1 exf5 29. exf5 O-O 30. Qxh5 Qxf5 31. Bd3 Bf3 32. Bxf5 Bxh5 33. Re1 Rc5 34. Bd3 Re5 35. Rxe5 dxe5 36. Nd5 Bd8 37. Be4 f5 38. gxf6 Bxf6 39. c4 Be2 40. c5 Bxh4 41. c6 Bb5 42. c7 Bd7 43.
Rb8 Kf7 44. Nb6 Bh3 45. Bg6+ 1-0

[Event "Early-Titled-Tuesday-Blitz-January-30-2024"]
[Site "Chess.com"]
[Date "2024.01.30"]
[Round "6"]
[White "Matibar"]
[Black "Bauman_Guy"]
[Result "1-0"]
[WhiteElo "2811"]
[BlackElo "2860"]
[TimeControl "180+1"]
[EndTime "9:08:51 PST"]
[Termination "Matibar won by resignation"]

1. Nf3 d5 2. c4 c6 3. e3 Nf6 4. b3 g6 5. Bb2 Bg7 6. h3 O-O 7. Be2 a6 8. O-O b5 9. d4 Bf5 10. Nbd2 Nbd7 11. a4 bxc4 12. bxc4 Rb8 13. Ba3 a5 14.
cxd5 Nxd5 15. Rc1 Nb4 16. e4 Be6 17. Nc4 Nf6 18. Bd3 c5 19. d5 Bc8 20. Ne3 e6 21. Rxc5 exd5 22. exd5 Re8 23. Bb5 Bd7 24. Bxd7 Nxd7 25.
Rc1 Nf6 26. Bxb4 axb4 27. Qb3 Ne4 28. Rc4 Qd6 29. Rc6 Qd7 30. Rd1 Nc3 31. Rd3 Red8 32. Rc4 Qxa4 33. Rdxc3 Qa1+ 34. Rc1 Qb2 35. Rb1 Qxb3 36.
Rxb3 Bf8 37. Ne5 Ra8 38. Nc6 Ra1+ 39. Kh2 Bd6+ 40. g3 Re8 41. Kg2 h5 42. h4 Ra2 43.
Nxb4 Rd2 44. Nc6 Kg7 45. Rd4 Ra2 46. Rbd3 Bc5 47. Rd2 Ra6 48. R4d3 Re4 49. Rc2 Bd6 50. Nd4 Ra4 51. Nf3 Re7 52. Ng5 Rd7 53. Rc6 Kf8 54.
Rd2 Be7 55. Nf3 Bd6 56. Nc4 Bb8 57. Nb6 1-0

[Event "Early-Titled-Tuesday-Blitz-January-30-2024"]
[Site "Chess.com"]
[Date "2024.01.30"]
[Round "6"]
[White "Let_it_be_1"]
[Black "Alexchess1984"]
[Result "0-1"]
[WhiteElo "2571"]
[BlackElo "2746"]
[TimeControl "180+1"]
[EndTime "9:08:51 PST"]
[Termination "Alexchess1984 won by checkmate"]

1. e4 c5 2. Nf3 Nc6 3. d4 cxd4 4. Nxd4 e5 5. Nb5 d6 6. Bc4 a6 7. N5c3 Nf6 8. Bg5 Be7 9. Bxf6 Bxf6 10. O-O O-O 11.
a4 Be6 12. Bd5 Rc8 13. Na3 Nd4 14. Qd3 Qc7 15. Rfd1 Rfd8 16. h3 g6 17. Ba2 Bg5 18. Nd5 Bxd5 19. Bxd5 Nxc2 20. Nxc2 Qxc2 21. Bxb7 Qxd3 22.
Rxd3 Rc4 23. Bxa6 Rxe4 24. Bb7 Rb4 25. Bd5 e4 26. Rc3 Rd7 27. a5 Kg7 28. a6 Ra7 29.
Rc8 e3 30. Ra8 Rxa8 31. Bxa8 Rxb2 32. fxe3 Bxe3+ 33. Kh1 Ba7 34. Rd1 Bc5 35. Bb7 Ra2 36. Rf1 f5 37. Re1 Kf6 38. Re8 h5 39. h4 Ra1+ 40.
Kh2 Bg1+ 41. Kg3 Ra3+ 42. Kf4 Bh2+ 43. g3 Bxg3# 0-1

[Event "Early-Titled-Tuesday-Blitz-January-30-2024"]
[Site "Chess.com"]
[Date "2024.01.30"]
[Round "6"]
[White "tetrix83"]
[Black "azikom"]
[Result "0-1"]
[WhiteElo "2559"]
[BlackElo "2726"]
[TimeControl "180+1"]
[EndTime "9:08:51 PST"]
[Termination "azikom won by resignation"]

1. Nf3 d5 2. g3 Bg4 3. Bg2 c6 4.
c4 e6 5. cxd5 exd5 6. h3 Bh5 7.
O-O Nd7 8. d3 Ngf6 9. Nc3 Bb4 10. Qb3 Qb6 11. Na4 Qb5 12. Nd4 Qa5 13. a3 Bc5 14.
Qxb7 O-O 15. Nxc5 Nxc5 16. Qxc6 Rac8 17. Qd6 Qa4 18. b4 Nb3 19. Nxb3 Qxb3 20. g4 Bg6 21. Bg5 Rfe8 22. Bxf6 gxf6 23. Bxd5 Qb2 24. Bf3 Kg7 25.
h4 h6 26. Kg2 Rc2 27. Qf4 Re5 28. Rfb1 Qc3 29. b5 Re7 30. a4 Rd7 31. a5 Rd4 32.
Qg3 Rb4 33. b6 axb6 34. axb6 Rcb2 35. Rxb2 Qxb2 36. Ra6 Rxb6 37. Rxb6 Qxb6 38. Qf4 Qc5 39. h5 Bh7 40. d4 Qc4 41. d5 Qxf4 0-1

[Event "Early-Titled-Tuesday-Blitz-January-30-2024"]
[Site "Chess.com"]
[Date "2024.01.30"]
[Round "6"]
[White "vishwa_vijeta"]
[Black "ilqar_74"]
[Result "0-1"]
[WhiteElo "2550"]
[BlackElo "2838"]
[TimeControl "180+1"]
[EndTime "9:08:51 PST"]
[Termination "ilqar_74 won on time"]

1. e4 c5 2. Nf3 d6 3. d4 cxd4 4. Nxd4 Nf6 5. Nc3 e5 6. Nf3 Be7 7. Bc4 O-O 8. O-O Be6 9. Bxe6 fxe6 10. Qe2 Na6 11. Be3 Qc8 12. Rfd1 Qc6 13. Ng5 d5 14. exd5 exd5 15. f4 exf4 16. Bxf4 Bc5+ 17. Kh1 Rae8 18. Qd3 Nb4 19. Qd2 d4 20. Ne2 h6 21. Nh3 Ne4 22.
Nxd4 Qf6 23. Qe3 Bxd4 24. Rxd4 Nxc2 25. Qb3+ Kh8 26. Rxe4 Nxa1 27. Qxb7 Rxe4 28. Qxe4 Qxb2 29. Ng1 Qc2 30. Qe5 Qf5 31. Qxa1 Qxf4 32. h3 Qf2 33. Qb1 Re8 34. Nf3 Qg3 35. Qb5 Rd8 36. Qe2 a5 37.
Ne5 Rf8 0-1

[Event "Early-Titled-Tuesday-Blitz-January-30-2024"]
[Site "Chess.com"]
[Date "2024.01.30"]
[Round "6"]
[White "RamonManon0g"]
[Black "HATilay"]
[Result "1-0"]
[WhiteElo "2402"]
[BlackElo "2530"]
[TimeControl "180+1"]
[EndTime "9:08:52 PST"]
[Termination "RamonManon0g won on time"]

1. e4 e6 2. d4 d5 3. Nd2 c5 4.
Ngf3 Nc6 5. Bb5 Bd7 6. exd5 exd5 7. dxc5 Bxc5 8. O-O Nge7 9. Nb3 Bb6 10. Ng5 O-O 11.
Qh5 h6 12. Bd3 f5 13. Nf3 Qe8 14. Qh4 Ng6 15. Qg3 Rc8 16. h4 Bc7 17. Qh3 f4 18.
Bxg6 Qd8 19. Qh2 Ne5 20. Nxe5 Bxe5 21. Re1 Bb8 22. h5 f3 23. g3 Qf6 24. Qh4 Qxh4 25. gxh4 Rc4 26. Re7 Rg4+ 27. Kf1 Bc8 28. Ke1 Rg1+ 29.
Kd2 Bd6 30. Re8 Rxe8 31. Bxe8 Rg2 32. Ke3 Bg4 33. Bd2 Be5 34. Bc3 Bd6 35. Bd4 Be7 36. Nc5 Bxh4 37. Bd7 Bxf2+ 38. Kd3 Bxd4 39. Kxd4 Rd2+ 40.
Kc3 Rg2 41. Bxg4 Rxg4 42. Nd3 d4+ 43. Kc4 Rg2 44. Rf1 Rxc2+ 45. Kb3 Rd2 46. Nb4 f2 47. Nc2 1-0

[Event "Early-Titled-Tuesday-Blitz-January-30-2024"]
[Site "Chess.com"]
[Date "2024.01.30"]
[Round "6"]
[White "levallem"]
[Black "Better_Chess_Faster"]
[Result "1-0"]
[WhiteElo "2355"]
[BlackElo "2144"]
[TimeControl "180+1"]
[EndTime "9:08:52 PST"]
[Termination "levallem won on time"]

1. d4 Nf6 2. Nf3 g6 3. e3 Bg7 4.
Be2 d5 5. O-O O-O 6. b4 b6 7. a4 Bb7 8. b5 c5 9. bxc6 Nxc6 10.
Ba3 Re8 11. Nbd2 e5 12. Nb3 e4 13. Nfd2 Rc8 14. c4 Ne7 15. c5 Nf5 16. Qb1 h5 17. Rc1 Ng4 18. Nf1 Qh4 19. g3 Qh3 20. cxb6 axb6 21.
Rxc8 Rxc8 22. a5 bxa5 23. Nxa5 Ba8 24. Qb3 h4 25. Rc1 Rxc1 26. Bxc1 hxg3 27. hxg3 Bh6 28. Qb8+ Kg7 29. Bxg4 Qxg4 30. Qxa8 Nxd4 31. exd4 Bxc1 32. Qxd5 e3 33. Qe5+ f6 34. Qe7+ Kh6 35. fxe3 Qf3 36. Nc4 Kg5 37. Qc5+ Kg4 38. Qc8+ f5 39. Qd8 Bxe3+ 40.
Ncxe3+ Qxe3+ 41. Nxe3+ Kxg3 42. Qg5+ Kf3 43. Nxf5 Ke4 44.
Ne7 Kd3 45. Nxg6 Kc4 46. d5 Kc5 47. Qe5 1-0

[Event "Early-Titled-Tuesday-Blitz-January-30-2024"]
[Site "Chess.com"]
[Date "2024.01.30"]
[Round "6"]
[White "JoachimBN"]
[Black "BardArtem"]
[Result "0-1"]
[WhiteElo "2593"]
[BlackElo "2777"]
[TimeControl "180+1"]
[EndTime "9:08:53 PST"]
[Termination "BardArtem won on time"]

1. d4 Nf6 2. c4 b6 3. Nc3 Bb7 4. Nf3 g6 5. g3 Bg7 6. Bg2 O-O 7. O-O Ne4 8. Nxe4 Bxe4 9. Be3 d6 10. Qd2 Nd7 11.
Bh6 Re8 12. Bxg7 Kxg7 13. Rac1 e6 14. Qe3 Nf6 15. Qc3 Qe7 16. Rfd1 Rad8 17. b4 h6 18. a4 Bxf3 19. exf3 c5 20. f4 cxb4 21. Qxb4 d5 22. c5 bxc5 23. dxc5 Rb8 24. Qd4 Rec8 25. Bf1 Kg8 26. Bd3 Rc7 27. h4 Rbc8 28. Ba6 Rb8 29. Bb5 Ne4 30. c6 Nd6 31. Rb1 Rb6 32.
Rdc1 Nf5 33. Qe5 a6 34. Bxa6 f6 35. Qxc7 Qxc7 36. Rxb6 Qxb6 37. c7 Ne7 38. c8=Q+ Nxc8 39. Rxc8+ Kf7 40. Bb5 Ke7 41. Re8+ Kd6 42. Rf8 Qd4 43. Rd8+ Kc7 44. Rd7+ Kc8 45. Re7 Qe4 46. Rf7 d4 47. Rxf6 d3 0-1